[Event "BSV - Berliner Einzelmeisterschaft 2025 "]
[Site "Berlin, Germany"]
[Date "2025.04.24"]
[Round "6.1"]
[White "Vavulin, Maxim"]
[Black "Bueyuekasik, Diyap"]
[Result "1-0"]
[ECO "B81"]
[WhiteElo "2527"]
[BlackElo "2236"]
[PlyCount "77"]
[GameId "2170577026543702"]
[EventDate "2025.??.??"]
[TimeControl "40/6600:1800+30"]

1. e4 c5 2. Nf3 d6 3. d4 cxd4 4. Nxd4 Nf6 5. Nc3 e6 6. Be3 Be7 7. g4 h6 8. h4 Nc6 9. Rg1 d5 10. Bb5 Bd7 11. exd5 Nxd5 12. Nxd5 exd5 13. g5 hxg5 14. hxg5 Rh4 15. Be2 Nxd4 16. Bxd4 g6 17. Qd2 Rc8 18. Bg7 Qb6 19. O-O-O Qxf2 20. Qxd5 Qf5 21. Qxf5 gxf5 22. Bd3 a6 23. Rde1 Be6 24. g6 Rc6 25. Bc3 Kf8 26. Bxf5 Bc5 27. Rgf1 Kg8 28. Bxe6 fxe6 29. Rf6 Bd4 30. Bxd4 Rxd4 31. Rfxe6 Rdd6 32. Rxd6 Rxd6 33. Re8+ Kg7 34. Re7+ Kxg6 35. Rxb7 Kf5 36. a4 Ke4 37. a5 Rd5 38. b4 Kd4 39. Rc7 1-0

[Event "BSV - Berliner Einzelmeisterschaft 2025 "]
[Site "Berlin, Germany"]
[Date "2025.04.24"]
[Round "6.2"]
[White "Czernek, Tymon"]
[Black "Polzin, Rainer"]
[Result "1-0"]
[ECO "B12"]
[WhiteElo "2374"]
[BlackElo "2401"]
[PlyCount "159"]
[GameId "2170577026543692"]
[EventDate "2025.??.??"]
[TimeControl "40/6600:1800+30"]

1. e4 c6 2. d4 d5 3. e5 Bf5 4. h4 h6 5. g4 Be4 6. f3 Bh7 7. e6 Nf6 8. Nc3 Qd6 9. exf7+ Kxf7 10. Be3 Nbd7 11. Qd2 e5 12. O-O-O Re8 13. Be2 b5 14. g5 Nh5 15. dxe5 Qxe5 16. Bd4 Qf4 17. gxh6 Bf5 18. hxg7 Bxg7 19. Bxg7 Kxg7 20. Bd3 Bxd3 21. cxd3 Ne5 22. Kc2 Qxd2+ 23. Rxd2 Rhf8 24. Rh3 Ng6 25. Nce2 c5 26. Rh2 b4 27. Rg2 Kh6 28. Rg5 Ngf4 29. Nc1 Rf6 30. Nge2 Re3 31. Nxf4 Nxf4 32. Nb3 c4 33. dxc4 dxc4 34. Nd4 b3+ 35. axb3 cxb3+ 36. Kd1 Rd3 37. Rb5 Rb6 38. Rf5 Rxd2+ 39. Kxd2 Ng2 40. Ra5 a6 41. Nf5+ Kh7 42. Kc3 Ne1 43. Nd4 Rf6 44. Rh5+ Kg6 45. Rg5+ Kf7 46. Rg3 Rf4 47. h5 Nc2 48. Nxb3 Ne3 49. Nd2 Nd5+ 50. Kc2 Rh4 51. Rg5 Nf6 52. Ra5 Rxh5 53. Rxa6 Nd5 54. Ra7+ Ke6 55. Kd3 Rh2 56. Nc4 Rf2 57. Ra6+ Kf5 58. Ra5 Ke6 59. Kd4 Nb4 60. Re5+ Kd7 61. Rb5 Nc2+ 62. Ke4 Kc6 63. Rh5 Re2+ 64. Kd3 Rf2 65. Rf5 Ne1+ 66. Kd4 Kc7 67. Rf7+ Kd8 68. f4 Ng2 69. f5 Nh4 70. Ke5 Rc2 71. Kd5 Ke8 72. Nd6+ Kd8 73. b4 Rd2+ 74. Kc5 Rc2+ 75. Kb6 Rd2 76. Nc4 Rd7 77. Rxd7+ Kxd7 78. Ne3 Kd6 79. b5 Nf3 80. Ka7 1-0

[Event "BSV - Berliner Einzelmeisterschaft 2025 "]
[Site "Berlin, Germany"]
[Date "2025.04.24"]
[Round "6.3"]
[White "Berger, Steve"]
[Black "Florstedt, Johannes"]
[Result "0-1"]
[ECO "B90"]
[WhiteElo "2425"]
[BlackElo "2382"]
[PlyCount "68"]
[GameId "2170577026543699"]
[EventDate "2025.??.??"]
[TimeControl "40/6600:1800+30"]

1. e4 c5 2. Nf3 d6 3. d4 cxd4 4. Nxd4 Nf6 5. Nc3 a6 6. Bd3 g6 7. f3 Qb6 8. a3 Nbd7 9. Be3 e5 10. Nf5 Nc5 11. Bg5 Qxb2 12. O-O Qxc3 13. Bxf6 Rg8 14. Ng3 Be7 15. Bxe7 Kxe7 16. f4 Ne6 17. f5 Nf4 18. Qg4 g5 19. Nh5 Bd7 20. Nxf4 exf4 21. e5 dxe5 22. f6+ Kd8 23. Qh5 Be6 24. Bxh7 Rh8 25. Qxg5 Kc7 26. Qg7 Rad8 27. Rab1 Qxa3 28. Rfe1 Qc5+ 29. Kh1 b5 30. Ra1 Kb6 31. h3 Qd4 32. Rad1 Qf2 33. Rf1 Qe2 34. Bd3 Qh5 0-1

[Event "BSV - Berliner Einzelmeisterschaft 2025 "]
[Site "Berlin, Germany"]
[Date "2025.04.24"]
[Round "6.4"]
[White "Matviienko, Mykhailo"]
[Black "Poltorak, Sebastian"]
[Result "1-0"]
[ECO "A37"]
[WhiteElo "2158"]
[BlackElo "2417"]
[PlyCount "125"]
[GameId "2170577026543693"]
[EventDate "2025.??.??"]
[TimeControl "40/6600:1800+30"]

1. c4 c5 2. Nf3 Nc6 3. Nc3 e5 4. g3 g6 5. Bg2 Bg7 6. d3 d6 7. Rb1 Nge7 8. a3 a5 9. O-O O-O 10. Ne1 Be6 11. Nc2 d5 12. cxd5 Nxd5 13. Ne4 Qb6 14. Bd2 f6 15. Ne3 Nxe3 16. Bxe3 Nd4 17. Bxd4 cxd4 18. b4 axb4 19. axb4 Rfd8 20. Nc5 Bd5 21. Bxd5+ Rxd5 22. Qb3 Rad8 23. Rfc1 Bf8 24. Na4 Qe6 25. b5 Qf7 26. Nb6 Rc5 27. Nc4 Bh6 28. Rc2 f5 29. Ra2 Qd5 30. b6 Rdc8 31. Ra5 Bf8 32. Rba1 Kg7 33. Rxc5 Rxc5 34. Rb1 e4 35. Qa4 Kf7 36. Qa8 h5 37. Qb8 h4 38. gxh4 Kg8 39. Qg3 Kh7 40. f3 Qe6 41. Kh1 Be7 42. Rg1 Rc8 43. h5 g5 44. fxe4 fxe4 45. Qg4 Qd5 46. Qg2 Qe6 47. Nd2 exd3 48. exd3 Rc2 49. Qe4+ Qxe4+ 50. Nxe4 Kh6 51. Rf1 Kxh5 52. Rf7 Bd8 53. Rxb7 Rb2 54. Rd7 Bxb6 55. Rd5 Kg4 56. Rxg5+ Kf4 57. Rg3 Bc7 58. Kg1 Re2 59. Nf2 Kf5 60. Rf3+ Kg5 61. Kg2 Ra2 62. Rf7 Bf4 63. h4+ 1-0

[Event "BSV - Berliner Einzelmeisterschaft 2025 "]
[Site "Berlin, Germany"]
[Date "2025.04.24"]
[Round "6.5"]
[White "Ermitsch, Magnus"]
[Black "Klenburg, Mikhail"]
[Result "1/2-1/2"]
[ECO "B12"]
[WhiteElo "2401"]
[BlackElo "2338"]
[PlyCount "82"]
[GameId "2170577026543704"]
[EventDate "2025.??.??"]
[TimeControl "40/6600:1800+30"]

1. e4 c6 2. d4 d5 3. e5 Bf5 4. Nd2 e6 5. Nb3 Nd7 6. Ne2 Ne7 7. Ng3 Bg6 8. Be2 Nf5 9. Nh5 Bxh5 10. Bxh5 c5 11. dxc5 Nxc5 12. O-O Nxb3 13. axb3 Ne7 14. Be2 Nc6 15. f4 Bc5+ 16. Kh1 O-O 17. c3 a5 18. Bd3 g6 19. Bd2 Qb6 20. Qc2 Be3 21. Bxe3 Qxe3 22. Rae1 Qc5 23. Qd2 Rfd8 24. f5 exf5 25. Bxf5 Qe7 26. Bh3 Nxe5 27. g3 Ra6 28. Bg2 Rad6 29. c4 dxc4 30. Qxa5 f6 31. bxc4 Kg7 32. Bd5 Qd7 33. Qc3 Re8 34. b4 Rxd5 35. cxd5 Qxd5+ 36. Kg1 Nf3+ 37. Rxf3 Rxe1+ 38. Qxe1 Qxf3 39. Qe7+ Kh6 40. Qd6 Qc6 41. Qe7 Qf3 1/2-1/2

[Event "BSV - Berliner Einzelmeisterschaft 2025 "]
[Site "Berlin, Germany"]
[Date "2025.04.24"]
[Round "6.6"]
[White "Heerde, Thomas"]
[Black "Hesse, Henrik"]
[Result "0-1"]
[ECO "B07"]
[WhiteElo "1983"]
[BlackElo "2252"]
[PlyCount "98"]
[GameId "2170577026543700"]
[EventDate "2025.??.??"]
[TimeControl "40/6600:1800+30"]

1. e4 g6 2. d4 Bg7 3. Nf3 d6 4. Be3 Nf6 5. Nc3 O-O 6. Be2 Nbd7 7. O-O c6 8. Qd2 b5 9. a3 Bb7 10. Bh6 Qc7 11. Rad1 a6 12. Rfe1 Rad8 13. Bf1 e5 14. Bxg7 Kxg7 15. dxe5 Nxe5 16. Nxe5 dxe5 17. Qe3 c5 18. Nd5 Nxd5 19. exd5 Bxd5 20. Qxe5+ Qxe5 21. Rxe5 Be6 22. Ree1 c4 23. f3 Bf5 24. c3 Bc2 25. Rxd8 Rxd8 26. Kf2 g5 27. Be2 f5 28. Rc1 Bb3 29. Ke1 Kf6 30. Bd1 Bxd1 31. Rxd1 Rxd1+ 32. Kxd1 g4 33. Ke2 Ke5 34. Ke3 h6 35. Kf2 Kf4 36. g3+ Ke5 37. Ke2 f4 38. gxf4+ Kxf4 39. fxg4 Kxg4 40. Kf2 Kf4 41. Kg2 Ke3 42. Kg3 Kd2 43. Kg4 Kc2 44. Kh5 Kxb2 45. Kxh6 Kxc3 46. h4 Kb3 47. Kg6 c3 48. h5 c2 49. h6 c1=Q 0-1

[Event "BSV - Berliner Einzelmeisterschaft 2025 "]
[Site "Berlin, Germany"]
[Date "2025.04.24"]
[Round "6.7"]
[White "Jahnz, Laurin"]
[Black "Yatskar, Martin"]
[Result "1/2-1/2"]
[ECO "C50"]
[WhiteElo "2192"]
[BlackElo "2169"]
[PlyCount "117"]
[GameId "2170577026543701"]
[EventDate "2025.??.??"]
[TimeControl "40/6600:1800+30"]

1. e4 e5 2. Nf3 Nc6 3. Bc4 Nf6 4. d3 Bc5 5. a4 d6 6. O-O O-O 7. Be3 Bxe3 8. fxe3 Be6 9. Nbd2 a6 10. a5 Qe7 11. Qe1 d5 12. exd5 Nxd5 13. e4 Ndb4 14. Qd1 Rad8 15. Bxe6 Qxe6 16. Nc4 f6 17. Qe2 b5 18. axb6 cxb6 19. Ne3 Nd4 20. Nxd4 exd4 21. Nf5 g6 22. Ng3 Rc8 23. Rac1 a5 24. Qf2 Qe5 25. Qd2 Qg5 26. Rfd1 Qc5 27. Qf2 Qd6 28. Rd2 Rfd8 29. Rf1 Rc6 30. Re2 Qe5 31. Rd2 Kg7 32. Rc1 Qg5 33. Rcd1 Qe3 34. Qxe3 dxe3 35. Re2 Nxc2 36. Nf1 Nb4 37. Rxe3 Rcd6 38. e5 fxe5 39. Rxe5 Rxd3 40. Rde1 R8d7 41. Rb5 R3d6 42. Ne3 Rc6 43. Re2 Rd3 44. h3 h5 45. h4 Rd4 46. g4 Re4 47. gxh5 Rxh4 48. hxg6 Rxg6+ 49. Rg2 Rxg2+ 50. Kxg2 Re4 51. Kf3 Re6 52. Nc4 Rf6+ 53. Ke3 Rc6 54. Nxb6 Rxb6 55. Rxb6 Nd5+ 56. Kd4 Nxb6 57. Kc5 Na4+ 58. Kb5 Nxb2 59. Kxa5 1/2-1/2

[Event "BSV - Berliner Einzelmeisterschaft 2025 "]
[Site "Berlin, Germany"]
[Date "2025.04.24"]
[Round "6.8"]
[White "Ahmadinia, Ebrahim"]
[Black "Verbitsky, Jaroslaw"]
[Result "1-0"]
[ECO "B12"]
[WhiteElo "2396"]
[BlackElo "2065"]
[PlyCount "67"]
[GameId "2170577026543690"]
[EventDate "2025.??.??"]
[TimeControl "40/6600:1800+30"]

1. e4 c6 2. d4 d5 3. e5 Bf5 4. Bd3 Bxd3 5. Qxd3 Qa5+ 6. c3 Qa6 7. Qd1 e6 8. Ne2 c5 9. O-O h5 10. Nd2 Nc6 11. Nf3 Nh6 12. Ng3 g6 13. Bg5 Bg7 14. Re1 Qb6 15. Qd2 cxd4 16. cxd4 Ne7 17. Rac1 Nhf5 18. Rc3 Kd7 19. Rb3 Qa6 20. Ne2 Nc6 21. Ra3 Qb6 22. Rd1 a5 23. h3 Qa6 24. Rc3 b5 25. g4 hxg4 26. hxg4 Nfe7 27. Qf4 b4 28. Rc2 Rhf8 29. Bf6 Bxf6 30. exf6 g5 31. Qg3 Ng6 32. Nc1 Nf4 33. Nxg5 Ng6 34. Nd3 1-0

[Event "BSV - Berliner Einzelmeisterschaft 2025 "]
[Site "Berlin, Germany"]
[Date "2025.04.24"]
[Round "6.9"]
[White "Krefenstein, Sergej"]
[Black "Nogly, Christoph"]
[Result "1-0"]
[ECO "C77"]
[WhiteElo "2013"]
[BlackElo "2203"]
[PlyCount "95"]
[GameId "2170577026543697"]
[EventDate "2025.??.??"]
[TimeControl "40/6600:1800+30"]

1. e4 e5 2. Nf3 Nc6 3. Bb5 a6 4. Ba4 Nf6 5. O-O d6 6. Re1 Bd7 7. c3 g6 8. d3 Bg7 9. Nbd2 O-O 10. Nf1 h6 11. b4 Re8 12. Bb3 Be6 13. Bd2 d5 14. Ng3 Kh7 15. Qe2 Qd7 16. Rad1 Rad8 17. Bc1 d4 18. Bxe6 Qxe6 19. cxd4 Nxd4 20. Nxd4 Rxd4 21. a3 Red8 22. Bb2 R4d7 23. Qc2 Ne8 24. Ne2 Qb6 25. Nc3 c6 26. Na4 Qa7 27. Nc5 Rd6 28. Qc4 b6 29. Nb3 Kg8 30. a4 Nc7 31. a5 Ne6 32. g3 b5 33. Qc2 Qd7 34. Re3 h5 35. Nc5 Nxc5 36. Qxc5 f6 37. Rf3 h4 38. d4 exd4 39. Rfd3 hxg3 40. hxg3 f5 41. exf5 Rd5 42. Qb6 Rxf5 43. Qxa6 Qd5 44. Rxd4 Bxd4 45. Rxd4 Qxd4 46. Bxd4 Rxd4 47. Qxc6 Kh7 48. a6 1-0

[Event "BSV - Berliner Einzelmeisterschaft 2025 "]
[Site "Berlin, Germany"]
[Date "2025.04.24"]
[Round "6.10"]
[White "Niehaus, Frank"]
[Black "Rose, Daniel"]
[Result "1/2-1/2"]
[ECO "D00"]
[WhiteElo "2126"]
[BlackElo "2022"]
[PlyCount "46"]
[GameId "2170577026543694"]
[EventDate "2025.??.??"]
[TimeControl "40/6600:1800+30"]

1. d4 Nf6 2. Bg5 d5 3. Bxf6 gxf6 4. c4 c6 5. e3 e6 6. Nc3 Nd7 7. Nf3 f5 8. Qc2 dxc4 9. Bxc4 Nb6 10. Bb3 Nd5 11. Nxd5 cxd5 12. Ba4+ Bd7 13. Bxd7+ Qxd7 14. O-O Bd6 15. Rac1 O-O 16. Qd2 f6 17. Rc2 Kh8 18. Rfc1 Qg7 19. g3 Rg8 20. Ne1 Qh6 21. Ng2 Qg7 22. Qe2 Qd7 23. Qf3 Rac8 1/2-1/2

[Event "BSV - Berliner Einzelmeisterschaft 2025 "]
[Site "Berlin, Germany"]
[Date "2025.04.24"]
[Round "6.11"]
[White "Richter, Michael"]
[Black "Brustkern, Juergen"]
[Result "1/2-1/2"]
[ECO "C56"]
[WhiteElo "2402"]
[BlackElo "2093"]
[PlyCount "116"]
[GameId "2170577026543705"]
[EventDate "2025.??.??"]
[TimeControl "40/6600:1800+30"]

1. e4 e5 2. Nf3 Nc6 3. d4 exd4 4. Bc4 Nf6 5. e5 Ne4 6. Bd5 Nc5 7. O-O Ne6 8. Re1 Be7 9. Nbd2 d6 10. exd6 Qxd6 11. c4 dxc3 12. Ne4 Qd8 13. bxc3 O-O 14. Be3 Bd6 15. Qd2 Ne5 16. Nxd6 Nxf3+ 17. Bxf3 cxd6 18. Rad1 Qa5 19. c4 Qa4 20. Qc3 Bd7 21. Rxd6 Bc6 22. Bd1 Qxa2 23. Bg4 Rad8 24. Rxd8 Rxd8 25. Ra1 Rd3 26. Qxg7+ Kxg7 27. Rxa2 a6 28. h4 Rb3 29. Ra5 Rb4 30. Be2 Rb3 31. Kh2 Be4 32. h5 h6 33. Bg4 Rb4 34. Be2 Rb3 35. c5 Rb2 36. Bc4 Rb4 37. Ba2 Rb5 38. Rxb5 axb5 39. Bb3 Nc7 40. Kg3 Bc6 41. f3 Ne6 42. Kf2 Nc7 43. Bd4+ f6 44. g4 b4 45. f4 Nb5 46. Ke3 Bf3 47. Be6 b3 48. Bb2 Nc7 49. Bc8 Bc6 50. Kd4 Nd5 51. Be6 Nxf4 52. Bxb3 Bd7 53. Bd1 Bc6 54. Bb3 Bd7 55. Ke4 Ne6 56. Ba3 Nxc5+ 57. Bxc5 Bxg4 58. Bd4 Bxh5 1/2-1/2

[Event "BSV - Berliner Einzelmeisterschaft 2025 "]
[Site "Berlin, Germany"]
[Date "2025.04.24"]
[Round "6.12"]
[White "Pererva, Viktor"]
[Black "Noeldner, Julian"]
[Result "0-1"]
[ECO "A37"]
[WhiteElo "2017"]
[BlackElo "2279"]
[PlyCount "70"]
[GameId "2170577026543691"]
[EventDate "2025.??.??"]
[TimeControl "40/6600:1800+30"]

1. c4 c5 2. g3 g6 3. Bg2 Bg7 4. Nc3 Nc6 5. Nf3 e6 6. d4 Nxd4 7. Nxd4 cxd4 8. Ne4 d5 9. Qa4+ Kf8 10. Qa3+ Qe7 11. Nd6 Be5 12. c5 h5 13. O-O h4 14. h3 hxg3 15. fxg3 f5 16. e4 dxe3 17. Bxe3 Nf6 18. Bg5 Bd4+ 19. Kh1 Rh5 20. Be3 Bxe3 21. Qxe3 Kg8 22. Rad1 Bd7 23. b4 a6 24. Qe5 Bc6 25. a4 Ng4 26. Qd4 Qh7 27. Kg1 Rxh3 28. Bxh3 Qxh3 29. Rd2 e5 30. Qb2 d4 31. Qb3+ Kg7 32. Rf3 Bxf3 33. Qxf3 e4 34. Qb3 Ne5 35. Rf2 Rh8 0-1

[Event "BSV - Berliner Einzelmeisterschaft 2025 "]
[Site "Berlin, Germany"]
[Date "2025.04.24"]
[Round "6.13"]
[White "Jahnz, Fabian"]
[Black "Vollmar, Timo"]
[Result "1-0"]
[ECO "B30"]
[WhiteElo "2242"]
[BlackElo "1882"]
[PlyCount "89"]
[GameId "2170577026543695"]
[EventDate "2025.??.??"]
[TimeControl "40/6600:1800+30"]

1. e4 c5 2. Nf3 Nc6 3. Bc4 e6 4. O-O g6 5. d4 cxd4 6. Nxd4 Nf6 7. Nc3 a6 8. Re1 Qc7 9. Bg5 Bg7 10. a4 O-O 11. Nf3 d6 12. Qd2 Ne5 13. Be2 Bd7 14. Rad1 Bc6 15. Qf4 Nfd7 16. Be7 Nxf3+ 17. gxf3 Be5 18. Qh4 Rfe8 19. f4 Nc5 20. fxe5 Qxe7 21. Qxe7 Rxe7 22. exd6 Rd7 23. e5 Nxa4 24. Nxa4 Bxa4 25. b3 Bc6 26. f4 f6 27. Kf2 fxe5 28. fxe5 Rf8+ 29. Kg3 Rdf7 30. Rf1 Kg7 31. Rxf7+ Rxf7 32. Bg4 Bd7 33. Ra1 h5 34. Bf3 Rf5 35. Bxb7 Rxe5 36. Rxa6 Re3+ 37. Kf2 Rc3 38. Be4 Kf6 39. Ra7 Ke5 40. Rxd7 Kxe4 41. Rc7 Rh3 42. d7 Rxh2+ 43. Ke1 Ke3 44. Rc3+ Kd4 45. Rd3+ 1-0

[Event "BSV - Berliner Einzelmeisterschaft 2025 "]
[Site "Berlin, Germany"]
[Date "2025.04.24"]
[Round "6.14"]
[White "Matthes, Aaron"]
[Black "Torosyan, Bagrat"]
[Result "1-0"]
[ECO "A48"]
[WhiteElo "2253"]
[BlackElo "2145"]
[PlyCount "103"]
[GameId "2170577026543703"]
[EventDate "2025.??.??"]
[TimeControl "40/6600:1800+30"]

1. d4 Nf6 2. Nf3 g6 3. Bf4 Bg7 4. c3 d6 5. Nbd2 Nbd7 6. e4 O-O 7. Be2 Re8 8. h3 e5 9. dxe5 dxe5 10. Be3 Qe7 11. O-O Nc5 12. Qc2 Nfd7 13. a4 Rf8 14. b4 Ne6 15. Bc4 a5 16. Qb3 Nb6 17. bxa5 Nxc4 18. Nxc4 Nf4 19. Qb4 Qxb4 20. cxb4 f5 21. Bxf4 fxe4 22. Bxe5 exf3 23. Bxg7 Kxg7 24. Rfe1 fxg2 25. Re7+ Rf7 26. Re8 Rf4 27. Rc1 Kf7 28. Rh8 Kg7 29. Rd8 Rh4 30. Rc3 Re4 31. Ne3 c6 32. Rc4 Re7 33. Rf4 c5 34. Rc4 Rd7 35. Rxd7+ Bxd7 36. Rxc5 Bc6 37. Nxg2 Rd8 38. Ne3 Rd4 39. b5 Bf3 40. Rc4 Rd8 41. Rc7+ Kh6 42. Rf7 Be2 43. Rxb7 Rd4 44. Ng4+ Kg5 45. Re7 Bf3 46. Rf7 Bd5 47. f4+ Kh4 48. Rd7 Kg3 49. Ne3 Rd3 50. Rxd5 Rxe3 51. Rd1 Ra3 52. Rb1 1-0

[Event "BSV - Berliner Einzelmeisterschaft 2025 "]
[Site "Berlin, Germany"]
[Date "2025.04.24"]
[Round "6.15"]
[White "Caglar, Ertan"]
[Black "Foerster, Jonas"]
[Result "0-1"]
[ECO "B07"]
[WhiteElo "1836"]
[BlackElo "2266"]
[PlyCount "92"]
[GameId "2170577026543696"]
[EventDate "2025.??.??"]
[TimeControl "40/6600:1800+30"]

1. e4 d6 2. d4 Nf6 3. Nc3 g6 4. Be3 c6 5. Be2 Nbd7 6. h4 h5 7. f3 b5 8. a3 Nb6 9. Nh3 Bxh3 10. Rxh3 a6 11. e5 Nfd5 12. Nxd5 Nxd5 13. Qd2 Nxe3 14. Qxe3 e6 15. f4 d5 16. Kf2 Be7 17. g3 Qb6 18. Rhh1 c5 19. c3 Rc8 20. Rhc1 Kf8 21. b4 cxd4 22. cxd4 Kg7 23. Rc3 Rxc3 24. Qxc3 Rc8 25. Qxc8 Qxd4+ 26. Kg2 Qxa1 27. Qe8 Bf8 28. Qd8 Qb2 29. Kf2 Qd4+ 30. Kf1 Qa7 31. Qf6+ Kg8 32. Qd8 Kg7 33. Qf6+ Kh7 34. Bd3 Qe7 35. Qxe7 Bxe7 36. Ke2 Bd8 37. Bc2 Be7 38. Bd3 Kg7 39. Ke3 Kf8 40. f5 gxf5 41. Be2 Bd8 42. Bxh5 Bc7 43. Kd4 Bb6+ 44. Kd3 Bf2 45. Bf3 Bxg3 46. Kd4 Bf2+ 0-1

[Event "BSV - Berliner Einzelmeisterschaft 2025 "]
[Site "Berlin, Germany"]
[Date "2025.04.24"]
[Round "6.17"]
[White "Mankel, Luca"]
[Black "Boettcher, Patrick"]
[Result "1/2-1/2"]
[ECO "B53"]
[WhiteElo "2008"]
[BlackElo "2051"]
[PlyCount "38"]
[GameId "2170577026543706"]
[EventDate "2025.??.??"]
[TimeControl "40/6600:1800+30"]

1. e4 c5 2. Nf3 d6 3. Nc3 Nf6 4. d4 cxd4 5. Qxd4 a6 6. Nd5 e5 7. Nxf6+ Qxf6 8. Qd3 h6 9. Be2 Be6 10. O-O Qd8 11. Be3 Be7 12. Nd2 d5 13. exd5 Qxd5 14. Qxd5 Bxd5 15. Nc4 Nd7 16. Rad1 Be6 17. Nd6+ Bxd6 18. Rxd6 Ke7 19. Rfd1 Rac8 1/2-1/2

[Event "BSV - Berliner Einzelmeisterschaft 2025 "]
[Site "Berlin, Germany"]
[Date "2025.04.25"]
[Round "7.1"]
[White "Czernek, Tymon"]
[Black "Vavulin, Maxim"]
[Result "1/2-1/2"]
[ECO "B06"]
[WhiteElo "2374"]
[BlackElo "2527"]
[PlyCount "33"]
[GameId "2170635390021801"]
[EventDate "2025.??.??"]
[TimeControl "40/6600:1800+30"]

1. e4 g6 2. d4 Bg7 3. Nf3 d6 4. Bc4 e6 5. Bb3 Ne7 6. O-O O-O 7. Re1 b6 8. Nbd2 Bb7 9. Nf1 c5 10. c3 Nbc6 11. Ne3 Na5 12. Bc2 Qd7 13. h4 cxd4 14. cxd4 f5 15. exf5 Nxf5 16. Nxf5 exf5 17. Bf4 1/2-1/2

[Event "BSV - Berliner Einzelmeisterschaft 2025 "]
[Site "Berlin, Germany"]
[Date "2025.04.25"]
[Round "7.2"]
[White "Florstedt, Johannes"]
[Black "Hesse, Henrik"]
[Result "0-1"]
[ECO "C01"]
[WhiteElo "2382"]
[BlackElo "2252"]
[PlyCount "162"]
[GameId "2170635390021806"]
[EventDate "2025.??.??"]
[TimeControl "40/6600:1800+30"]

1. e4 e5 2. Nf3 Nf6 3. Nxe5 d6 4. Nf3 Nxe4 5. d3 Nf6 6. d4 d5 7. Bd3 Bd6 8. Qe2+ Qe7 9. Qxe7+ Kxe7 10. O-O Re8 11. Re1+ Kf8 12. Rxe8+ Kxe8 13. Nc3 c6 14. Bg5 Nbd7 15. Re1+ Kf8 16. Ne5 h6 17. Bf4 Bb8 18. h4 Nxe5 19. dxe5 Nd7 20. Bf5 Nb6 21. Bxc8 Nxc8 22. Ne2 Nb6 23. Nd4 Nd7 24. h5 Bc7 25. Re3 Nc5 26. Rc3 Ne4 27. Rf3 Re8 28. e6 Bxf4 29. exf7 Kxf7 30. Rxf4+ Nf6 31. Kf1 Re5 32. Rf5 Re4 33. Ne2 Ke6 34. Ng3 Re5 35. Rf3 Nxh5 36. Ne2 Re4 37. Rf8 Kd7 38. f3 Re8 39. Rf7+ Re7 40. Rf8 Re8 41. Rf7+ Re7 42. Rf8 c5 43. g4 Nf6 44. Ng3 Ke6 45. Nf5 Rd7 46. Rc8 b6 47. Rc6+ Ke5 48. Ng3 d4 49. Kf2 Rf7 50. Ke2 Kd5 51. Rc8 Re7+ 52. Kf2 Kc4 53. Nf5 Rd7 54. Ke2 Nd5 55. Rg8 Nf4+ 56. Kd2 g6 57. Nxh6 Re7 58. Rf8 g5 59. Nf7 Re2+ 60. Kd1 Rh2 61. Nd6+ Kd5 62. Nf5 Rh1+ 63. Kd2 Rh2+ 64. Kd1 Rf2 65. Rd8+ Ke5 66. Re8+ Kd5 67. Rd8+ Kc6 68. Rc8+ Kb5 69. Rg8 Rf1+ 70. Kd2 Rf2+ 71. Kd1 Rxf3 72. Rxg5 Rf1+ 73. Kd2 Rf2+ 74. Kd1 d3 75. Ne3 Re2 76. Rf5 Nh3 77. c4+ Kc6 78. Rf6+ Kd7 79. Rf3 Nf2+ 80. Kc1 d2+ 81. Kc2 d1=Q+ 0-1

[Event "BSV - Berliner Einzelmeisterschaft 2025 "]
[Site "Berlin, Germany"]
[Date "2025.04.25"]
[Round "7.3"]
[White "Bueyuekasik, Diyap"]
[Black "Matviienko, Mykhailo"]
[Result "1-0"]
[ECO "A30"]
[WhiteElo "2236"]
[BlackElo "2158"]
[PlyCount "145"]
[GameId "2170635390021810"]
[EventDate "2025.??.??"]
[TimeControl "40/6600:1800+30"]

1. Nf3 Nf6 2. g3 b6 3. Bg2 Bb7 4. c4 e6 5. O-O c5 6. Nc3 Be7 7. d4 cxd4 8. Qxd4 Nc6 9. Qf4 O-O 10. Rd1 d6 11. b3 a6 12. Ba3 b5 13. Bxd6 Qa5 14. cxb5 Bxd6 15. Qxd6 axb5 16. Qc5 b4 17. Na4 Nd5 18. Rac1 Ra7 19. Rd2 Ba8 20. Ne1 Nce7 21. e4 Nf6 22. Qxa5 Rxa5 23. Rc4 Bc6 24. Rxb4 Bxa4 25. Rxa4 Rxa4 26. bxa4 e5 27. f3 g5 28. Rd6 Kg7 29. Nd3 Ra8 30. Nxe5 Rxa4 31. Rd2 h5 32. h3 h4 33. g4 Ra5 34. Nc4 Ra4 35. Bf1 Ra7 36. Ne3 Nd7 37. Kf2 Ne5 38. Bb5 Ra3 39. Be2 N7g6 40. Nd5 Kg8 41. Kg2 Nf4+ 42. Nxf4 gxf4 43. Bd1 Rc3 44. Be2 Ra3 45. Kf2 Kg7 46. g5 Kg6 47. Rd5 f6 48. gxf6 Kxf6 49. Rd6+ Ke7 50. Ra6 Rc3 51. Rh6 Rc2 52. Ke1 Rxa2 53. Rxh4 Ra1+ 54. Kf2 Ra2 55. Kf1 Ra1+ 56. Kg2 Ra2 57. Rxf4 Rxe2+ 58. Kg3 Re1 59. Rf5 Ke6 60. h4 Rg1+ 61. Kf2 Rg8 62. h5 Nd7 63. Ra5 Kf6 64. f4 Rg4 65. Ra6+ Ke7 66. Kf3 Rh4 67. h6 Nf6 68. e5 Ng8 69. h7 Kf7 70. e6+ Kg7 71. hxg8=Q+ Kxg8 72. Ra8+ Kg7 73. e7 1-0

[Event "BSV - Berliner Einzelmeisterschaft 2025 "]
[Site "Berlin, Germany"]
[Date "2025.04.25"]
[Round "7.4"]
[White "Polzin, Rainer"]
[Black "Jahnz, Laurin"]
[Result "1-0"]
[ECO "B12"]
[WhiteElo "2401"]
[BlackElo "2192"]
[PlyCount "51"]
[GameId "2170635390021796"]
[EventDate "2025.??.??"]
[TimeControl "40/6600:1800+30"]

1. e4 c6 2. d4 d5 3. e5 Bf5 4. Nd2 e6 5. Nb3 Nd7 6. Nf3 Qc7 7. Be3 f6 8. exf6 Ngxf6 9. Bd3 Bxd3 10. Qxd3 Bd6 11. O-O O-O 12. h3 e5 13. dxe5 Nxe5 14. Nxe5 Bxe5 15. c3 Rae8 16. Rae1 b6 17. Nd4 Bxd4 18. Bxd4 Qd6 19. Rxe8 Rxe8 20. Qa6 Re7 21. b4 Qe6 22. f3 Ne8 23. a4 Nc7 24. Qxa7 Qg6 25. Qxb6 Re2 26. Bf2 1-0

[Event "BSV - Berliner Einzelmeisterschaft 2025 "]
[Site "Berlin, Germany"]
[Date "2025.04.25"]
[Round "7.5"]
[White "Yatskar, Martin"]
[Black "Ahmadinia, Ebrahim"]
[Result "1-0"]
[ECO "D13"]
[WhiteElo "2169"]
[BlackElo "2396"]
[PlyCount "139"]
[GameId "2170635390021811"]
[EventDate "2025.??.??"]
[TimeControl "40/6600:1800+30"]

1. d4 d5 2. c4 c6 3. cxd5 cxd5 4. Bf4 Nc6 5. e3 Nf6 6. Nc3 a6 7. Be2 Bf5 8. Nf3 e6 9. Qb3 Bb4 10. Ne5 Qe7 11. Nxc6 bxc6 12. O-O O-O 13. Na4 Nd7 14. Rfc1 Rfc8 15. a3 Bd6 16. Bxd6 Qxd6 17. Qb4 Qc7 18. Nc5 a5 19. Qa4 e5 20. Nxd7 Bxd7 21. Rc5 exd4 22. Qxd4 Qb7 23. Bd1 Rcb8 24. b3 Re8 25. Bc2 Qb8 26. Rd1 g6 27. Qd2 Bg4 28. Rb1 Qb6 29. Qd4 Reb8 30. Rc1 Bd7 31. Bd1 Qd8 32. Qf4 Qf8 33. Qc7 Qd8 34. Qd6 Rb7 35. g3 Qf8 36. Qf4 Qe7 37. h4 h5 38. Qd4 Qf8 39. Bc2 Qg7 40. Rd1 Qxd4 41. Rxd4 Kf8 42. e4 dxe4 43. Bxe4 Ra6 44. Bd3 Raa7 45. Bc4 Ke7 46. Re5+ Kf6 47. f4 Rc7 48. Rd6+ Kg7 49. Rc5 Kf8 50. Kf2 Ke7 51. Rd3 Be6 52. Re5 Rd7 53. Rde3 Rd6 54. f5 gxf5 55. Rxf5 Rd2+ 56. Ke1 Ra2 57. Rxh5 Kf6 58. Bxe6 fxe6 59. Rh6+ Kf5 60. Rhxe6 Rxa3 61. Kf2 Kg4 62. R6e4+ Kh3 63. Kf3 Rg7 64. h5 Rxg3+ 65. Kf4 Rxe3 66. Rxe3+ Kg2 67. h6 Ra1 68. Rg3+ Kh2 69. h7 Rf1+ 70. Rf3 1-0

[Event "BSV - Berliner Einzelmeisterschaft 2025 "]
[Site "Berlin, Germany"]
[Date "2025.04.25"]
[Round "7.6"]
[White "Klenburg, Mikhail"]
[Black "Krefenstein, Sergej"]
[Result "1-0"]
[ECO "A07"]
[WhiteElo "2338"]
[BlackElo "2013"]
[PlyCount "103"]
[GameId "2170635390021807"]
[EventDate "2025.??.??"]
[TimeControl "40/6600:1800+30"]

1. g3 d5 2. Nf3 Bg4 3. Bg2 Nf6 4. d3 c6 5. h3 Bh5 6. g4 Bg6 7. Ne5 Nbd7 8. Nxg6 hxg6 9. e3 e6 10. Nd2 Qc7 11. Nf3 Bd6 12. Bd2 a5 13. Qe2 e5 14. Ng5 Nh7 15. Nxh7 Rxh7 16. O-O-O O-O-O 17. Kb1 a4 18. Qe1 Re8 19. Ba5 b6 20. Bd2 a3 21. b3 Kb7 22. c4 e4 23. cxd5 cxd5 24. Rc1 Qb8 25. d4 Be7 26. Bb4 Bxb4 27. Qxb4 Re6 28. Rc2 Qd6 29. Qa4 Rh8 30. Rhc1 Nb8 31. Bf1 Ree8 32. Rc7+ Qxc7 33. Rxc7+ Kxc7 34. Qa7+ Kc6 35. b4 Nd7 36. Bb5+ Kxb5 37. Qxd7+ Kxb4 38. Qxd5 Re6 39. Qb3+ Ka5 40. Qxa3+ Kb5 41. Qb3+ Ka5 42. Qc4 b5 43. Qc7+ Rb6 44. Qa7+ Ra6 45. Qc5 Rxh3 46. Qc7+ Ka4 47. Qc2+ Ka5 48. d5 Rf3 49. Qd2+ Kb6 50. d6 Ra8 51. Qd4+ Ka6 52. Qxe4 1-0